 Dungeon Crawl Stone Soup version 0.27-a0-1301-g128193abf8 (webtiles) character file.

Game seed: 16553663645259614365

5 spiderkeys the Skirmisher (level 1, -2/19 HPs)
             Began as a Palentonga Abyssal Knight on June 18, 2021.
             Was a Follower of Lugonu.
             Slain by a harpy zombie (6 damage)
             ... on level 1 of the Abyss.
             The game lasted 00:00:11 (97 turns).

spiderkeys the Skirmisher (Palentonga Abyssal Knight) Turns: 97, Time: 00:00:12

Health: -2/19      AC:  4    Str: 15    XL:     1   Next: 66%
Magic:  2/2        EV:  9    Int: 12    God:    Lugonu [*.....]
Gold:   0          SH:  0    Dex:  9    Spells: 0/0 levels left

rFire    . . .     SeeInvis +   a - +1 hand axe
rCold    . . .     Faith    .   (no shield)
rNeg     . . .     Spirit   .   b - +0 leather armour
rPois    .         Reflect  .   (no helmet)
rElec    .         Harm     .   (no cloak)
rCorr    .         Rampage  .   (no gloves)
Will     .....                  (no barding)
Stlth    +.........             (no amulet)
HPRegen  0.06/turn              (no ring)
MPRegen  0.08/turn              (no ring)

@: no status effects
A: large, rugged brown scales 3, see invisible, deformed body, roll 1, armoured
tail
a: Rolling Charge, Renounce Religion, Depart the Abyss


You were on level 1 of the Abyss.
You worshipped Lugonu.
Lugonu was aware of your devotion.
You visited 0 branches of the dungeon, and saw 0 of its levels.
You visited the Abyss 1 time.


Innate Abilities, Weirdness & Mutations

You are completely covered in rugged brown scales. (AC +3, +7% HP)
You have supernaturally acute eyesight. (SInv)
Armour fits poorly on your strangely shaped body.
You can roll at nearby foes to attack.
You have a long armoured tail.


   Skills:
 + Level 3.0 Fighting
 + Level 2.1 Axes
 + Level 1.6 Armour
 + Level 0.9 Dodging
 + Level 2.1 Invocations


You couldn't memorise any spells.
You didn't know any spells.
Your spell library was empty.

Inventory:

Hand Weapons
 a - a +1 hand axe (weapon)
Armour
 b - a +0 leather armour (worn)

Dungeon Overview and Level Annotations

Branches:
Dungeon (0/15)

Altars:

#≈≈≈≈≈≈..#..# ≈≈≈
#.#....#
≈≈##...#..# ≈ ≈
#.##.#.#.#
≈≈≈.##.##...##
♣##..#...#### .#
#.......##.##..##
..#..###4#.......
##.. #.@.....# ..
##.Z#.####..
#.###....#
.#.#...#.#
.#.#..##.. ... ..
.### .$. ## ...


You could see a hellwing and a harpy zombie.


Message History

🤖 Initializing magus.rc ...
Options error: Delay interrupt name "hungry" not recognised. (~/.crawlrc:4988) ✅ Successfully initialized magus.rc [v1.9.10] Welcome, spiderkeys the Palentonga Abyssal Knight.
Will you prevail where others failed? Will you find the Orb of Zot?
Lugonu says: Depart the Abyss and spread corruption, my servant! (use the ability menu to exit the Abyss) Press ? for a list of commands and other information.
Found a corrupted altar of Lugonu.
You enter the shallow water.
Moving in this stuff is going to be slow.
An ufetubus emerges from the beyond.
The ufetubus shouts!
You hit the ufetubus.
The ufetubus hits you but does no damage. x2
The ufetubus completely misses you. The ufetubus hits you. 😕 HP[-1]
You take 1 damage, and now have 18/19 hp.
You barely miss the ufetubus.
Your tail-slap misses the ufetubus.
The ufetubus hits you but does no damage.
The ufetubus closely misses you.
The ufetubus hits you but does no damage. x2
You hit the ufetubus.
The ufetubus hits you but does no damage.
The ufetubus closely misses you. 😎 HP[+1]
Your hp is fully restored (19).
You barely miss the ufetubus. The ufetubus barely misses you.
The ufetubus hits you but does no damage. x2
The ufetubus barely misses you.
You barely miss the ufetubus.
Your tail-slap misses the ufetubus.
The ufetubus hits you but does no damage.
The ufetubus completely misses you. The ufetubus hits you.
The ufetubus closely misses you. 😕 HP[-1]
You take 1 damage, and now have 18/19 hp.
You closely miss the ufetubus. The ufetubus barely misses you.
The ufetubus hits you but does no damage.
The ufetubus hits you.
The ufetubus hits you but does no damage. 😕 HP[-1]
You take 1 damage, and now have 17/19 hp.
You miss the ufetubus.
The ufetubus hits you but does no damage.
The ufetubus closely misses you.
The ufetubus hits you but does no damage.
The ufetubus hits you. 😮 HP[-3]
You take 3 damage, and now have 14/19 hp.
You closely miss the ufetubus. The ufetubus barely misses you. x2
You hit the ufetubus. The ufetubus closely misses you.
The ufetubus barely misses you.
A hellwing comes into view.
The ufetubus barely misses you.
The ufetubus hits you but does no damage.
You miss the ufetubus.
The hellwing gives a chilling moan.
The ufetubus barely misses you.
The ufetubus hits you but does no damage.
The ufetubus barely misses you. The ufetubus hits you. 😮 HP[-4]
You take 4 damage, and now have 10/19 hp.
MASSIVE DAMAGE!! (PAUSE)
You hit the ufetubus.
You kill the ufetubus!
You hit the hellwing but do no damage. You tail-slap the hellwing!
The hellwing barely misses you. The hellwing hits you.
* * * LOW HITPOINT WARNING * * *
😨 HP[-3]
You take 3 damage, and now have 7/19 hp.
Unknown command. 😨 HP[+1]
A harpy zombie comes into view.
The harpy zombie barely misses you. The harpy zombie claws you.
* * * LOW HITPOINT WARNING * * *
The harpy zombie claws you.
* * * LOW HITPOINT WARNING * * *
The harpy zombie claws you.
You die...

Action                   || total
-------------------------++-------
Melee: Hand axe          ||    12
       Tailslap          ||     1
Armor: Leather armour    ||    15
Dodge: Dodged            ||    18

Levels and vault maps discovered:
Abyss:1:  base: Temple, base:
Temple

Notes
Turn   | Place    | Note
-------+----------+-------------------------------------------
     0 | Abyss:1  | spiderkeys the Palentonga Abyssal Knight began the quest
                  | for the Orb.
     0 | Abyss:1  | Reached XP level 1. HP: 19/19 MP: 2/2
     0 | Abyss:1  | magus.rc [v1.9.10]
    86 | Abyss:1  | Noticed a hellwing
    96 | Abyss:1  | Noticed a harpy zombie
    97 | Abyss:1  | HP: 4/19 [harpy zombie (2)]
    97 | Abyss:1  | Slain by a harpy zombie

Vanquished Creatures
  An ufetubus (Abyss:1)
1 creature vanquished.

Table legend:
 A = Non-vault XP
 B = Vault XP
 C = Vault XP percentage of total XP
 D = Non-vault monster count
 E = Vault monster count
 F = Vault count percentage of total count
                 A         B        C        D         E       F
            +---------+---------+-------+---------+---------+-------
      Total |       8 |       0 |   0.0 |       1 |       0 |   0.0
            +---------+---------+-------+---------+---------+-------
    Abyss:1 |       8 |       0 |   0.0 |       1 |       0 |   0.0
            +---------+---------+-------+---------+---------+-------

Illustrated notes

Table legend:
 A = Kills in this place as a percentage of kills in entire the game.
 B = Kills by you in this place as a percentage of kills by you in the entire game.
 C = Kills by friends in this place as a percentage of kills by friends in the entire game.
 D = Other kills in this place as a percentage of other kills in the entire game.
 E = Experience gained in this place as a percentage of experience gained in the entire game.
 F = Experience gained in this place divided by the number of levels of this place that you have seen.
                   A       B       C       D       E      F
               +-------+-------+-------+-------+-------+----------------------
         Total | 100.0 | 100.0 |   N/A |   N/A | 100.0 |   8.0
         Abyss | 100.0 | 100.0 |   N/A |   N/A | 100.0 |   8.0
               +-------+-------+-------+-------+-------+----------------------

Table legend: (Time is in decaauts)
 A = Elapsed time spent in this place.
 B = Non-inter-level travel time spent in this place.
 C = Inter-level travel time spent in this place.
 D = Time resting spent in this place.
 E = Time spent auto-exploring this place.
 F = Levels seen in this place.
 G = Mean time per level.
                   A        B        C        D        E       F      G
               +--------+--------+--------+--------+--------+-----+--------+
         Total |    101 |    101 |      0 |      0 |     77 |   1 |  101.0 |
         Abyss |    101 |    101 |      0 |      0 |     77 |   1 |  101.0 |
               +--------+--------+--------+--------+--------+-----+--------+

Top non-repeatable levels by time:
 Abyss:1: 101 daAuts
